AoeStats
← Timeskip

Pilgrims

509618049Analyzed
4v4 RM · 4d ago on Sep 27, 2026· 20m 46s· 8 players
Game mode
Random Map
Map size
Large (8 player)
Population
200
Speed
Normal
Resources
Standard
Victory
Conquest
Starting age
Dark Age
Ending age
Imperial Age
RankedLock teamsTeams togetherTeam positionsShared explorationLock speedFull tech treeHidden civsTurbo modeCheats
Victory
Defeat
🇹🇼 Varangians · Taiwan
1762
+15
🇹🇼 Saxons · Taiwan
1716
+17
🇹🇼 Japanese · Taiwan
1651
+20
🇦🇷 Danes · Argentina
1649
+20
🇫🇷 Khmer · France
1779
-20
🇧🇬 Italians · Bulgaria
1770
-19
🇮🇳 Varangians · India
1734
-18
🇩🇪 Italians · Germany
1660
-15
默默默默默
10:28 Feudal Age
11:09 Double-Bit Axe
11:57 Fishing Lines
16:51 Castle Age
15:32 Gold Mining
16:20 Forging
17:48 Medium Warships
17:31 Fletching
18:36 Bow Saw
18:38 Gillnets
20:04 Bodkin Arrow
Kevin10_7414
8:06 Loom
11:14 Feudal Age
12:00 Double-Bit Axe
12:15 Town Watch
15:41 Castle Age
14:42 Scale Barding Armor
15:51 Forging
16:48 Chain Barding Armor
16:48 Bloodlines
Kevin的下分小幫手
6:39 Loom
10:26 Loom
12:14 Feudal Age
13:30 Town Watch
18:23 Castle Age
波斯小象
11:55 Feudal Age
11:18 Loom
15:41 Castle Age
15:11 Double-Bit Axe
16:00 Fletching
15:57 Crossbowman
16:40 Bodkin Arrow
Timeskip
3:29 Loom
10:26 Feudal Age
16:01 Castle Age
15:22 Double-Bit Axe
16:29 Fletching
19:29 Horse Collar
Zni.Locuss
6:54 Loom
9:23 Feudal Age
9:57 Double-Bit Axe
12:26 Town Watch
15:30 Castle Age
13:11 Fishing Lines
16:23 Medium Warships
=)Svanhilde
7:32 Loom
9:41 Feudal Age
13:18 Castle Age
11:28 Double-Bit Axe
14:20 Bow Saw
Zni.Kark01
10:44 Feudal Age
9:00 Loom
11:33 Double-Bit Axe
12:01 Town Watch
15:10 Castle Age
12:55 Fishing Lines
16:35 Bow Saw
16:49 Forging
16:45 Scale Barding Armor
16:54 Fletching
Connection lost

Rejoining the realm…

Still unreachable

The connection could not be restored.

Session expired

The server has moved on; the page needs a fresh start.